 Dungeon Crawl Stone Soup version 0.30-a0-765-g3161bf10a1 (webtiles) character file.

Game seed: 2198144230525752666

2284 Conn the Firebug (level 9, -3/81 HPs)
             Began as an Octopode Fire Elementalist on Feb 12, 2023.
             Was an Initiate of Sif Muna.
             Engulfed by a cloud of flame (19 damage)
             ... on level 7 of the Dungeon.
             The game lasted 00:19:08 (7159 turns).

Conn the Firebug (Octopode Fire Elementalist)       Turns: 7159, Time: 00:19:08

Health: -3/81      AC: 24    Str:  4 (6)  XL:     9   Next: 39%
Magic:  4/18       EV:  2    Int: 27 (28) God:    Sif Muna [......]
Gold:   16         SH:  0    Dex: 10 (12) Spells: 3/20 levels left

rFire   . . .      SeeInvis .    o - +5 sling of Weyf {flame, Int+3 Stlth-}
rCold   . . .      Faith    +    (no shield)
rNeg    . . .      Spirit   .    (helmet currently unavailable)
rPois   +          Reflect  .    v - amulet of faith
rElec   .          Harm     .    (no ring)
rCorr   .          Rampage  .    (no ring)
Will    .....      NoTele   +    (no ring)
Stlth   +                        (no ring)
HPRegen 0.33/turn                (no ring)
MPRegen 0.16/turn                (no ring)
                                 (no ring)
                                 (no ring)

@: brilliant, tree-form, weak-willed, attractive, hasted, very quick
A: stationary, stasis, torment immunity, boosted hp, almost no armour,
(amphibious), 8 rings, (camouflage 1), (gelatinous body 1), (nimble swimmer 1),
(tentacles), (iridescent scales 1), clever 1, passive freeze, screaming 1
a: Renounce Religion


You were on level 7 of the Dungeon.
You worshipped Sif Muna.
Sif Muna was noncommittal.
You were a tree.
You visited 2 branches of the dungeon, and saw 8 of its levels.

You collected 236 gold pieces.
You spent 220 gold pieces at shops.

Inventory:

Hand Weapons
 c - a +0 dagger
 d - a +7 hand axe
 o - the +5 sling of Weyf (weapon) {flame, Int+3 Stlth-}
   (You found it on level 4 of the Dungeon)

   Int:       It affects your intelligence (+3).
   Stlth:     It makes you less stealthy.
Missiles
 t - a throwing net
Magical Staves
 A - a staff of cold
Jewellery
 v - an amulet of faith (around neck)
Wands
 l - a wand of digging (5)
 p - a wand of iceblast (7)
Scrolls
 a - a scroll of teleportation
 f - 2 scrolls of enchant armour
 i - a scroll of silence
 m - 2 scrolls of poison
 w - a scroll of immolation
 y - a scroll of noise
Potions
 e - 4 potions of degeneration
 g - 3 potions of brilliance
 n - a potion of lignification
 q - a potion of haste
 r - a potion of mutation
 u - a potion of attraction


   Skills:
 + Level 1.9 Fighting
 + Level 1.3 Axes
 * Level 5.9 Ranged Weapons
 + Level 3.0 Dodging
 + Level 4.2 Stealth
 + Level 6.2 Spellcasting
 + Level 2.9 Conjurations
 + Level 0.3 Hexes
 * Level 2.1 Translocations
 + Level 6.4 Fire Magic
 * Level 1.4 Invocations


You had 3 spell levels left.
You knew the following spells:

 Your Spells              Type           Power      Damage    Failure   Level
a - Foxfire               Conj/Fire      100%       2x1d9     1%          1
b - Flame Wave            Conj/Fire      50%        2d12      9%          4
c - Inner Flame           Hex/Fire       40%        N/A       4%          3
d - Blink                 Tloc           60%        N/A       3%          2
e - Scorch                Fire           100%       2d10      1%          2
f - Fireball              Conj/Fire      25%        3d11      26%         5

Your spell library contained the following spells:

 Spells                   Type           Power      Damage    Failure   Level
 Magic Dart               Conj           100%       1d8       1%          1
 Beastly Appendage        Tmut           24%        N/A       6%          1
 Kindle Blastsparks       Fire/Tloc/Air  70%        2d15      6%          3
 Call Imp                 Summ           12%        N/A       10%         2
 Sublimation of Blood     Necr           12%        N/A       10%         2
 Wereblood                Tmut           12%        N/A       10%         2
 Mephitic Cloud           Conj/Pois/Air  20%        N/A       13%         3
 Call Canine Familiar     Summ           12%        N/A       19%         3
 Spider Form              Tmut/Pois      12%        N/A       19%         3
 Petrify                  Tmut/Erth      12%        N/A       54%         4
 Irradiate                Conj/Tmut      12%        3d15      67%         5
 Starburst                Conj/Fire      25%        6d8       80%         6
 Summon Horrible Things   Summ           6%         N/A       100%        8


Dungeon Overview and Level Annotations

Branches:
Dungeon (7/15)             Temple (1/1) D:6

Altars:
Cheibriados
Hepliaklqana
Kikubaaqudgha
Sif Muna
Yredelemnul
Zin
The Shining One

Shops:
D:1 [   D:7 ?*

Portals:
Abyss: D:7

Annotations:
D:7 1 transporter
Temple 2 transporters


Innate Abilities, Weirdness & Mutations

You are a tree.
Your roots penetrate the ground, keeping you stationary.
You cannot be teleported.
You are immune to unholy pain and torment.
Your maximum health is greatly increased.
You cannot wear most types of armour.
((You are amphibious.))
You can wear up to eight rings at the same time.
((Your skin changes colour to match your surroundings (Stealth+).))
((Your rubbery body absorbs attacks. (AC +1, EV +1)))
((You are camouflaged when in or above water. (Stealth+)))
((You have tentacles for arms and can constrict up to eight enemies at once.))
((You are partially covered in iridescent scales. (AC +2)))
Your mind is acute. (Int +4, Str/Dex -1)
A frigid envelope surrounds you and freezes all who hurt you.
You occasionally shout uncontrollably at your foes.


Message History

Unknown command.
You feel much better.
You are engulfed in blazing flames.
You are engulfed in blazing flames.
* * * LOW HITPOINT WARNING * * *
You feel sick. The iron imp is attracted toward you.
You feel much better.
You are engulfed in blazing flames.
You shoot a sling bullet. The sling bullet hits the iron imp!
The iron imp is heavily wounded.
You are engulfed in blazing flames.
You feel sick.
The iron imp hits you but does no damage.
The iron imp resists.
The iron imp is very cold.
The iron imp is severely wounded.
You feel better.
You are engulfed in blazing flames.
* * * LOW HITPOINT WARNING * * *
The iron imp hits you but does no damage.
The iron imp resists.
The iron imp is very cold.
The iron imp is almost dead.
You shoot a sling bullet.
The sling bullet closely misses the iron imp.
You are engulfed in blazing flames.
* * * LOW HITPOINT WARNING * * *
You feel much better.
You are engulfed in blazing flames.
The iron imp hits you but does no damage.
The iron imp resists.
The iron imp is very cold.
The iron imp is almost dead.
You shoot a sling bullet.
The sling bullet completely misses the iron imp.
You are engulfed in blazing flames.
* * * LOW HITPOINT WARNING * * *
You shoot a sling bullet. The sling bullet hits the iron imp.
You kill the iron imp!
Sif Muna accepts your kill.
You are engulfed in blazing flames.
* * * LOW HITPOINT WARNING * * *
You are engulfed in blazing flames.
* * * LOW HITPOINT WARNING * * *
You feel much better.
You are engulfed in blazing flames.
* * * LOW HITPOINT WARNING * * *
You are engulfed in blazing flames.
You die...

#. $. . #..## .#
#.####. #.# ....©..
..# #.W#..^#.# #∩....#
#.###.## #.. # ##.##
.#.. 5.. #♣.## ...#.u#
##☼#§## #..##:#
..###...^.# ###...#.#
..#....©.##
#.....#?##..##..####
#.#...###....####..
..#....©......# ....
.##............ .....
∩.....................


There were no monsters in sight!

Vanquished Creatures
  The ghost of zamzamzam the Summoner, a novice DESu (D:7)
  Sigmund (D:2)
  A steam dragon (D:6)
  A water moccasin (D:7)
  2 ice beasts
  2 black bears (D:6)
  2 centaurs
  A kobold brigand (D:7)
  A phantom (D:5)
  A small abomination (D:7)
  2 necrophages
  3 scorpions
  2 howler monkeys
  An electric eel (D:6)
  A crimson imp (D:7)
  A jelly (D:7)
  An orc priest (D:5)
  An iron imp (D:7)
  Jessica (D:3)
  3 iguanas
  Robin (D:2)
  9 gnolls
  7 adders
  2 shadow imps
  A white imp (D:5)
  2 worms
  4 dart slugs
  10 orcs
  6 endoplasms
  5 giant cockroaches
  7 hobgoblins
  13 jackals
  5 kobolds
  4 quokkas
  9 ball pythons
  3 bats
  4 frilled lizards
  11 goblins
  3 rats
135 creatures vanquished.

Vanquished Creatures (others)
  246 foxfires
246 creatures vanquished.

Grand Total: 381 creatures vanquished

Notes
Turn   | Place    | Note
-------+----------+-------------------------------------------
     0 | D:1      | Conn the Octopode Fire Elementalist began the quest for the
                  | Orb.
     0 | D:1      | Reached XP level 1. HP: 11/11 MP: 3/3
   137 | D:1      | Reached XP level 2. HP: 17/17 MP: 1/5
   711 | D:1      | Reached XP level 3. HP: 21/21 MP: 6/6
   729 | D:1      | Found a faded altar of an unknown god.
   888 | D:1      | Found Luqatiubra's Armour Emporium.
  1498 | D:2      | Noticed Robin
  1537 | D:2      | Killed Robin
  1538 | D:2      | Reached XP level 4. HP: 16/27 MP: 1/7
  2060 | D:2      | Noticed Sigmund
  2066 | D:2      | Learned a level 2 spell: Scorch
  2070 | D:2      | Learned a level 3 spell: Inner Flame
  2096 | D:2      | Killed Sigmund
  2097 | D:2      | Reached skill level 1 in Axes
  2097 | D:2      | Reached XP level 5. HP: 9/32 MP: 0/10
  2097 | D:2      | Reached XP level 6. HP: 10/37 MP: 0/11
  2611 | D:3      | Noticed Jessica
  2617 | D:3      | Killed Jessica
  3325 | D:4      | Identified the +5 sling of Weyf {flame, Int+3 Stlth-}
  4313 | D:5      | Entered Level 5 of the Dungeon
  4330 | D:5      | Reached skill level 1 in Ranged Weapons
  4330 | D:5      | Reached XP level 7. HP: 41/42 MP: 8/13
  4906 | D:5      | Reached skill level 1 in Fighting
  4910 | D:5      | Reached skill level 5 in Fire Magic
  5083 | D:5      | Reached XP level 8. HP: 35/48 MP: 6/14
  5931 | D:6      | Found a staircase to the Ecumenical Temple.
  5947 | D:6      | Reached skill level 5 in Spellcasting
  5962 | Temple   | Entered the Ecumenical Temple
  5962 | Temple   | Found a transporter.
  5962 | Temple   | Found a transporter.
  5964 | Temple   | Found a transporter.
  5964 | Temple   | Found a transporter.
  5976 | Temple   | Became a worshipper of Sif Muna the Loreminder
  6046 | D:6      | Reached skill level 5 in Ranged Weapons
  6075 | D:6      | Got the Dissertation on Phantasms and Displacement
  6083 | D:6      | Learned a level 4 spell: Flame Wave
  6086 | D:6      | Learned a level 2 spell: Blink
  6092 | D:6      | Learned a level 5 spell: Fireball
  6633 | D:6      | Reached skill level 1 in Translocations
  6907 | D:7      | Reached XP level 9. HP: 26/54 MP: 12/17
  7008 | D:7      | Found The Oracle's Delphic Readings.
  7014 | D:7      | Bought a book of Minor Magic for 198 gold pieces
  7014 | D:7      | Bought a scroll of identify for 22 gold pieces
  7097 | D:7      | Found a transporter.
  7099 | D:7      | Found Olifruka's Assorted Antiques.
  7121 | D:7      | Noticed a white ugly thing
  7123 | D:7      | Found a one-way gate to the infinite horrors of the Abyss.
  7123 | D:7      | Found a transporter.
  7123 | D:7      | Noticed zamzamzam's ghost (novice DESu)
  7140 | D:7      | Gained mutation: Your mind is acute. (Int +4, Str/Dex -1)
                  | [potion of mutation]
  7140 | D:7      | Gained mutation: You are partially covered in iridescent
                  | scales. (AC +2) [potion of mutation]
  7140 | D:7      | Gained mutation: You occasionally shout uncontrollably at
                  | your foes. [potion of mutation]
  7140 | D:7      | Gained mutation: A frigid envelope surrounds you and
                  | freezes all who hurt you. [potion of mutation]
  7145 | D:7      | Killed zamzamzam's ghost
  7146 | D:7      | Reached skill level 1 in Invocations
  7157 | D:7      | HP: 4/81 [cloud of flame (15)]
  7159 | D:7      | Engulfed by a cloud of flame

Illustrated notes

Levels and vault maps discovered:
D:1:      dpeg_arrival_rooms_with_view, layout_loops_corners, serial_shops,
          shop, dreamdust_ecumenical_altar_angels_and_demons
D:2:      layout_loops_ring, nrook_campfire, uniq_sigmund, uniq_robin
D:3:      layout_loops_cross, uniq_jessica
D:4:      layout_basic, reono_crystal_passage
D:5:      layout_layer_cave
D:6:      layout_basic, minmay_temple_entry_large_hall, minmay_crystal_water
D:7:      layout_basic, minitemple, serial_shops, nicolae_shop_crystal,
          gammafunk_ghost_abyssal_escape, nicolae_nh_oracle_at_delphi
Temple:   hellmonk_temple_divided_pantheon

Skill      XL: |  1  2  3  4  5  6  7  8  9 |
---------------+----------------------------+-----
Stealth        | 3 4 |  4.2
Axes           | 1 |  1.3
Spellcasting   | 3 4 5 6 |  6.2
Conjurations   | 2 |  2.9
Fire Magic     | 4 5 6 |  6.4
Ranged Weapons | 1 3 5 |  5.9
Fighting       | 1 |  1.9
Translocations | 1 2 |  2.1
Dodging        | 3 |  3.0
Invocations    | 1 |  1.4
Hexes          | |  0.3

Action                     |  1- 3 |  4- 6 |  7- 9 || total
---------------------------+-------+-------+-------++-------
  Melee: Hand axe          |    32 |    10 |       ||    42
         Unarmed           |     1 |       |       ||     1
         Constrict         |     4 |     2 |       ||     6
         Tentacles         |     1 |     3 |       ||     4
   Fire: Sling             |       |    19 |    67 ||    86
   Cast: Foxfire           |    54 |    57 |    33 ||   144
         Scorch            |       |    15 |    46 ||    61
         Inner Flame       |       |       |     5 ||     5
         Flame Wave        |       |       |     1 ||     1
    Use: Potion            |       |     1 |    15 ||    16
         Scroll            |       |       |    13 ||    13
   Stab: Sleeping          |     3 |     1 |       ||     4
 Armour: Skin              |     2 |     2 |    23 ||    27
  Dodge: Dodged            |    29 |    22 |    40 ||    91

Table legend: (Time is in decaauts)
 A = Elapsed time spent in this place.
 B = Non-inter-level travel time spent in this place.
 C = Inter-level travel time spent in this place.
 D = Time resting spent in this place.
 E = Time spent auto-exploring this place.
 F = Levels seen in this place.
 G = Mean time per level.
                   A        B        C        D        E       F      G
               +--------+--------+--------+--------+--------+-----+--------+
         Total |   7181 |   7051 |    130 |      0 |   5725 |   8 |  897.6 |
       Dungeon |   7150 |   7020 |    130 |      0 |   5725 |   7 | 1021.4 |
        Temple |     31 |     31 |      0 |      0 |      0 |   1 |   31.0 |
               +--------+--------+--------+--------+--------+-----+--------+

Top non-repeatable levels by time:
     D:5: 1499 daAuts
     D:1: 1264 daAuts
     D:2: 1179 daAuts
     D:6: 1049 daAuts
     D:4: 1023 daAuts
     D:3: 861 daAuts
     D:7: 272 daAuts
  Temple: 31 daAuts
